Map: Ascension to Aiur LE

Players

CinDra - Winner!

  • Race: Protoss Protoss
  • Spawn Location: 11:00

A.I. 1 (Easy)

  • Race: Terran Terran
  • Spawn Location: 5:00

VOD

Have the link to the VOD?

Description

Time

  • Played on: Jan. 20, 2018, 11:06 a.m.
  • Length: 10:05
Show
View Real Time Build Order
Export as new Build Order

CinDra Protoss - Winner!

Build Orders:  

Get SALT Encoding   

  12  0:03  Probe  
  13  0:15  Probe (Chrono Boost)  
  13  0:21  Pylon  
  14  0:27  Probe (Chrono Boost)  
  15  0:37  Probe (Chrono Boost)  
  16  0:45  Gateway  
  16  0:49  Probe  
  17  1:01  Probe (Chrono Boost)  
  19  1:13  Probe (Chrono Boost)  
  19  1:18  Probe (Chrono Boost)  
  20  1:26  Pylon  
  20  1:27  Probe  
  20  1:31  Assimilator  
  21  1:40  Cybernetics Core  
  21  1:41  Zealot  
  23  1:57  Nexus  
  23  2:20  Warp Gate (Chrono Boost)  
  23  2:25  Probe  
  24  2:30  Assimilator  
  24  2:37  Probe  
  24  2:42  Adept  
  27  2:53  Probe  
  29  3:05  Probe  
  29  3:19  Probe x2 (Chrono Boost)  
  31  3:28  Probe (Chrono Boost)  
  31  3:29  Probe (Chrono Boost)  
  31  3:30  Pylon  
  31  3:33  Probe x2 (Chrono Boost)  
  33  3:41  Adept  
  37  3:45  Probe x2  
  39  3:57  Probe x2  
  39  3:58  Gateway  
  39  3:59  Gateway  
  41  4:09  Probe x2  
  43  4:11  Assimilator  
  43  4:17  Assimilator  
  43  4:21  Probe x2  
  45  4:38  Adept  
  47  4:51  Probe x2  
  49  5:03  Adept x2, Probe  
  54  5:09  Pylon  
  54  5:13  Pylon  
  54  5:17  Pylon  
  54  5:27  Probe x2  
  56  5:30  Robotics Facility  
  56  5:34  Adept x2  
  56  5:35  Adept  
  62  5:39  Probe  
  63  5:44  Pylon  
  63  5:45  Pylon  
  63  5:46  Pylon  
  63  6:03  Adept x2  
  63  6:04  Adept  
  70  6:18  Observer  
  70  6:40  Adept x3, Nexus  
  70  6:41  Probe x2  
  78  6:53  Probe x2  
  78  6:54  Warp Prism  
  82  7:03  Adept x2  
  82  7:04  Adept  
  82  7:05  Probe  
  82  7:06  Probe  
  90  7:23  Probe x2  
  90  7:28  Adept x2  
  90  7:29  Adept  
  98  7:35  Probe x2  
  100  8:05  Adept x3  
  106  8:12  Pylon  
  106  8:16  Pylon  
  106  8:28  Adept  
  106  8:29  Adept x2  
  112  8:37  Probe x3  
  115  8:49  Probe x3  
  118  8:57  Adept x2  
  118  8:58  Adept  
  124  9:22  Adept x3  
  130  9:46  Adept  
  132  9:57  Pylon  
  133  10:00  Pylon  
  133  10:05  Pylon  
Show
View Real Time Build Order
Export as new Build Order

A.I. 1 (Easy) Terran 

Build Orders:  

Get SALT Encoding   

  12  0:00  SCV  
  13  0:13  SCV  
  14  0:19  Supply Depot  
  14  0:25  SCV  
  15  0:40  SCV  
  15  0:42  Barracks  
  16  0:46  Refinery  
  16  1:11  Supply Depot  
  16  1:21  Refinery  
  16  1:29  Orbital Command  
  16  1:30  Marine  
  17  1:56  Barracks Tech Lab  
  17  2:13  Supply Depot  
  17  2:14  Marauder  
  19  2:17  SCV  
  20  2:29  SCV  
  21  2:39  Marine  
  21  2:41  SCV  
  23  2:53  SCV  
  24  3:05  SCV, Marine  
  26  3:17  SCV  
  27  3:31  Marauder  
  29  3:57  Marauder  
  31  4:22  Marine  
  32  7:04  Marine  
  32  7:06  Factory  
  33  7:09  Supply Depot  
  33  7:10  Command Center  
  33  7:22  Marine  
  34  7:39  Marine  
  32  7:52  Starport  
  32  7:57  Marine  
  26  8:16  Marauder  
  28  8:23  SCV  
  29  8:27  SCV  
  29  8:29  Starport Tech Lab, Refinery  
  29  8:33  Refinery  
  29  8:35  SCV  
  29  8:37  Marauder  
  29  8:40  SCV  
  30  8:46  Hellion  
  30  8:47  SCV  
  30  8:48  Raven  
  31  8:52  SCV  
  34  8:59  SCV  
  34  9:00  Marauder  
  36  9:04  SCV  
  29  9:11  SCV  
  29  9:15  Hellion  
  29  9:16  SCV  
  27  9:24  SCV  
  27  9:28  SCV  
  27  9:29  Marauder  
  28  9:36  SCV  
  26  9:40  SCV  
  26  9:43  Hellion  
  23  9:48  SCV  
  23  9:52  SCV  
Tags
 
Add a new tag
Caveats
  • Supply blocks, unpowered buildings, or Contaminate may cause inaccurate times.
  • Supply counts are checked every 10 seconds.